 Dungeon Crawl Stone Soup version 0.31-a0-672-g7da72447bb (webtiles) character file.

Game seed: 11411906313568007069

219 LustLizard the Firebug (level 5, 0/29 HPs)
             Began as a Deep Elf Fire Elementalist on Sept 4, 2023.
             Slain by Ijyb
             ... wielding a +5 club
              (5 damage)
             ... on level 3 of the Dungeon.
             The game lasted 00:04:17 (3496 turns).

LustLizard the Firebug (Deep Elf Fire Elementalist) Turns: 3496, Time: 00:04:18

Health: 0/29       AC:  4    Str:  7    XL:     5   Next: 63%
Magic:  0/13       EV: 12    Int: 20    God:
Gold:   174        SH:  0    Dex: 15    Spells: 6/12 levels left

rFire   . . .        o - +2 dagger (freeze)
rCold   . . .        (no shield)
rNeg    + . .        f - +2 robe {Will+}
rPois   .            (no helmet)
rElec   .            (no cloak)
rCorr   .            (no gloves)
SInv    .            (no boots)
Will    +....        (no amulet)
Stlth   ++           l - ring of positive energy
HPRegen 0.24/turn    (no ring)
MPRegen 0.13/turn

%: no passive effects
@: mighty
A: no striking features
a: no special abilities


You were on level 3 of the Dungeon.
You visited 1 branch of the dungeon, and saw 3 of its levels.

You collected 174 gold pieces.

Inventory:

Hand Weapons
 n - a +3 dagger
 o - a +2 dagger of freezing (weapon)
Armour
 f - a +2 robe of willpower (worn)
Jewellery
 l - a ring of positive energy (left hand)
Scrolls
 d - 3 scrolls of identify {unknown}
 e - a scroll of enchant weapon {unknown}
 g - a scroll of teleportation {unknown}
 m - a scroll of noise {unknown}
Potions
 b - 2 potions of magic
 c - a potion of degeneration {unknown}
 h - 2 potions of mutation {unknown}
 i - a potion of ambrosia {unknown}
 j - a potion of haste {unknown}
 k - a potion of attraction {unknown}


   Skills:
 + Level 1.4 Fighting
 - Level 2.4 Dodging
 + Level 3.5 Stealth
 + Level 4.0 Spellcasting
 * Level 3.2 Conjurations
 * Level 2.2 Summonings
 + Level 4.0 Fire Magic


You had 6 spell levels left.
You knew the following spells:

 Your Spells              Type           Power      Damage    Failure   Level
a - Foxfire               Conj/Fire      72%        2x1d7     2%          1
b - Scorch                Fire           40%        2d6       3%          2
c - Call Canine Familiar  Summ           12%        N/A       16%         3

Your spell library contained the following spells:

 Spells                   Type           Power      Damage    Failure   Level
 Kiss of Death            Conj/Necr      40%        2d8       7%          1
 Inner Flame              Hex/Fire       12%        N/A       17%         3
 Volatile Blastmotes      Fire/Tloc      24%        2d12      17%         3
 Flame Wave               Conj/Fire      18%        2d7       28%         4
 Confusing Touch          Hex            4%         N/A       36%         3
 Portal Projectile        Hex/Tloc       8%         N/A       36%         3
 Dispel Undead            Necr           4%         3d7       77%         4
 Leda's Liquefaction      Hex/Erth       2%         N/A       77%         4


Dungeon Overview and Level Annotations

Branches:
Dungeon (3/15)

Altars:
Ashenzari
Ru

Annotations:
D:3 Ijyb, Sigmund


Message History

Confirm with . or Enter, or press ? or * to list all spells.
Flames lash Ijyb.
Ijyb is moderately wounded.
Ijyb's fire resistance burns away.
The foxfire hits Ijyb but does no damage.
Ijyb is moderately wounded.
The foxfire hits Ijyb but does no damage.
Ijyb is moderately wounded.
Ijyb zaps a wand.
The roots erupt in riotous growth!
The grasping roots grab you!
Ijyb is unaffected.
The grasping roots constrict you.
Unknown command.
Casting: Scorch (safe; 3% risk of failure)
Confirm with . or Enter, or press ? or * to list all spells.
Flames lash Ijyb but do no damage.
Ijyb hits you but does no damage. The grasping roots constrict you.
The grasping roots release their grip on you.
Unknown command.
Casting: Scorch (safe; 3% risk of failure)
Confirm with . or Enter, or press ? or * to list all spells.
Flames lash Ijyb.
Ijyb is moderately wounded.
Ijyb hits you with a +5 club.
* * * LOW HITPOINT WARNING * * *
Unknown command.
Casting: Scorch (safe; 3% risk of failure)
Confirm with . or Enter, or press ? or * to list all spells.
Flames lash Ijyb.
Ijyb is burned terribly!
Ijyb is severely wounded.
Ijyb hits you with a +5 club.
* * * LOW HITPOINT WARNING * * *
Unknown command.
Casting: Scorch (safe; 3% risk of failure)
Confirm with . or Enter, or press ? or * to list all spells.
You don't have enough magic to cast this spell.
Unknown command.
It was a potion of might.
You feel very mighty all of a sudden. Ijyb hits you with a +5 club.
You die...

.....#...#..<#.#####.#
...#.............#§#
#......####....).#§#
#⌠.##'.#.⌠#..)...#)#
#.........#........# #
#.......##.##.#####
..#...........#.#
..'..._)))g÷))#.#
..).......#@....#
##.......##.##.#
#.........#....#
#⌠...+##.⌠#..### ####.
####.## # #.§..#
#§..## #... ....#


You could see Ijyb (combustible).

Vanquished Creatures
  An orc priest (D:3)
  An orc wizard (D:3)
  Natasha (D:3)
  Robin (D:3)
  4 adders
  5 dart slugs
  4 orcs (D:3)
  5 endoplasms
  2 giant cockroaches (D:2)
  18 goblins
  5 hobgoblins
  7 jackals
  2 kobolds
  3 quokkas (D:3)
  4 ball pythons
  3 bats
  2 frilled lizards
  9 rats
77 creatures vanquished.

Vanquished Creatures (others)
  327 foxfires
327 creatures vanquished.

Grand Total: 404 creatures vanquished

Notes
Turn   | Place    | Note
-------+----------+-------------------------------------------
     0 | D:1      | LustLizard the Deep Elf Fire Elementalist began the quest
                  | for the Orb.
     0 | D:1      | Reached XP level 1. HP: 10/10 MP: 6/6
   203 | D:1      | Reached XP level 2. HP: 15/15 MP: 1/8
  1247 | D:2      | Reached XP level 3. HP: 20/20 MP: 2/9
  1321 | D:2      | Learned a level 2 spell: Scorch
  1417 | D:2      | Learned a level 3 spell: Call Canine Familiar
  1967 | D:2      | Reached XP level 4. HP: 24/24 MP: 6/11
  2373 | D:3      | Noticed Sigmund
  2518 | D:3      | Reached skill level 1 in Summonings
  2648 | D:3      | Reached skill level 1 in Fighting
  2774 | D:3      | Found a sacrificial altar of Ru.
  2779 | D:3      | Reached XP level 5. HP: 29/29 MP: 7/12
  3248 | D:3      | Noticed Natasha
  3251 | D:3      | Killed Natasha
  3253 | D:3      | Found a broken altar of Ashenzari.
  3253 | D:3      | Noticed Robin
  3260 | D:3      | Killed Robin
  3485 | D:3      | Noticed Ijyb
  3496 | D:3      | Slain by Ijyb

Illustrated notes

Levels and vault maps discovered:
D:1:      evilmike_arrival_come_back, layout_basic
D:2:      layout_basic, minmay_tetromino_i2
D:3:      layout_basic, mainiacjoe_overflow_alcove_4, evilmike_ruin_ashenzari,
          nicolae_ru_great_annihilating_truth,
          hangedman_abyss_or_decor_lesser_grid, minmay_misc_feat_encased,
          minmay_ruptured, uniq_robin, uniq_natasha, uniq_ijyb, uniq_sigmund

Skill      XL: |  1  2  3  4  5 |
---------------+----------------+-----
Conjurations   | 2 3 |  3.2
Stealth        | 3 |  3.5
Summonings     | 1 2 |  2.2
Fighting       | 1 |  1.4
Fire Magic     | 4 |  4.0
Spellcasting   | 4 |  4.0
Dodging        | |  2.4

Action                     |  1- 3 |  4- 6 || total
---------------------------+-------+-------++-------
   Cast: Foxfire           |   110 |    81 ||   191
         Scorch            |     1 |    13 ||    14
    Use: Potion            |       |     1 ||     1
 Armour: Robe              |     3 |    13 ||    16
  Dodge: Dodged            |     2 |       ||     2

Table legend: (Time is in decaauts)
 A = Elapsed time spent in this place.
 B = Non-inter-level travel time spent in this place.
 C = Inter-level travel time spent in this place.
 D = Time resting spent in this place.
 E = Time spent auto-exploring this place.
 F = Levels seen in this place.
 G = Mean time per level.
                   A        B        C        D        E       F      G
               +--------+--------+--------+--------+--------+-----+--------+
         Total |   3494 |   3439 |     55 |      0 |   3034 |   3 | 1164.7 |
       Dungeon |   3494 |   3439 |     55 |      0 |   3034 |   3 | 1164.7 |
               +--------+--------+--------+--------+--------+-----+--------+

Top non-repeatable levels by time:
     D:2: 1206 daAuts
     D:3: 1144 daAuts
     D:1: 1143 daAuts
